 Dungeon Crawl Stone Soup version 0.30-a0-373-gd37427bb62 (webtiles) character file.

Game seed: 5981783556116091283

284 purpskrrrp the Ruffian (level 6, -5/33 HPs)
             Began as a Vine Stalker Fighter on Nov 24, 2022.
             Slain by a gnoll
             ... wielding a +0 spear
             ... led by a gnoll bouda
              (6 damage)
             ... on level 4 of the Dungeon.
             The game lasted 00:07:16 (2673 turns).

purpskrrrp the Ruffian (Vine Stalker Fighter)       Turns: 2673, Time: 00:07:17

Health: -5/33      AC:  9    Str: 27    XL:     6   Next: 29%
Magic:  0/7        EV: 10    Int:  8    God:
Gold:   217        SH:  4    Dex: 13    Spells: 5/5 levels left

rFire   . . .      SeeInvis .    d - +1 war axe
rCold   . . .      Faith    +    b - +0 buckler
rNeg    . . .      Spirit   +    t - +3 leather armour
rPois   .          Reflect  .    o - +0 helmet
rElec   .          Harm     .    f - scarf {repulsion}
rCorr   .          Rampage  .    l - +0 pair of gloves
Will    .....                    n - +0 pair of boots
Stlth   ++........               c - amulet of faith
HPRegen 1.05/turn                e - +6 ring of strength
MPRegen 0.10/turn                (no ring)

@: repel missiles
A: fangs 2, regeneration 1, magic shield, antimagic bite, no potion heal 2
a: no special abilities


You were on level 4 of the Dungeon.
You visited 1 branch of the dungeon, and saw 4 of its levels.

You collected 217 gold pieces.

Inventory:

Hand Weapons
 d - a +1 war axe (weapon)
Armour
 a - a +0 scale mail
 b - a +0 buckler (worn)
 f - a scarf of repulsion (worn)
 l - a +0 pair of gloves (worn)
 n - a +0 pair of boots (worn)
 o - a +0 helmet (worn)
 t - a +3 leather armour (worn)
Jewellery
 c - an amulet of faith (around neck)
 e - a +6 ring of strength (left hand)
 q - a ring of positive energy
Scrolls
 r - a scroll of amnesia
Potions
 g - 2 potions of magic
 h - 2 potions of degeneration
 i - a potion of invisibility
 j - a potion of flight
 k - a potion of mutation {unknown}
 m - a potion of heal wounds
 p - 2 potions of brilliance
 s - a potion of ambrosia {unknown}
 u - 2 potions of curing
 v - a potion of resistance {unknown}


   Skills:
 + Level 3.8 Fighting
 * Level 1.3 Axes
 - Level 2.4 Armour
 + Level 3.5 Stealth
 + Level 2.9 Shields
 - Level 4.2 Unarmed Combat


You had 5 spell levels left.
You didn't know any spells.
Your spell library contained the following spells:

 Spells                   Type           Power      Damage    Failure   Level
 Freeze                   Ice            0%         1d3       54%         1
 Necrotise                Necr           0%         1d4       54%         1
 Frozen Ramparts          Ice            0%         1d1       89%         3
 Hailstorm                Conj/Ice       0%         3d3       89%         3
 Vampiric Draining        Necr           0%         2d6       89%         3
 Summon Ice Beast         Ice/Summ       0%         N/A       100%        4
 Agony                    Necr           0%         N/A       100%        5
 Summon Mana Viper        Hex/Summ       0%         N/A       100%        5
 Monstrous Menagerie      Summ           0%         N/A       100%        7


Dungeon Overview and Level Annotations

Branches:
Dungeon (4/15)
 Temple: D:4-7

Altars:

Shops:
D:2 [


Innate Abilities, Weirdness & Mutations

You have extremely sharp teeth.
Your natural rate of healing is unusually fast.
When hurt, damage is shared between your health and your magic reserves.
Your bite disrupts and absorbs the magic of your enemies.
Potions cannot restore your health.


Message History

You are too injured to fight recklessly!
You are too injured to fight recklessly!
You are too injured to fight recklessly!
You are too injured to fight recklessly!
You are too injured to fight recklessly!
You are too injured to fight recklessly!
You are too injured to fight recklessly!
You are too injured to fight recklessly!
You are too injured to fight recklessly!
You are too injured to fight recklessly!
You are too injured to fight recklessly!
You are too injured to fight recklessly!
You are too injured to fight recklessly!
You are too injured to fight recklessly!
You are too injured to fight recklessly!
You are too injured to fight recklessly!
You are too injured to fight recklessly!
You are too injured to fight recklessly!
You are too injured to fight recklessly!
You are too injured to fight recklessly!
You have no ailments to cure.
You closely miss the gnoll. You bite the gnoll. You drain its power.
You feel invigorated.
The gnoll is heavily wounded.
The gnoll closely misses you.
The gnoll hits you from afar with a +0 halberd!
* * * LOW HITPOINT WARNING * * *
The gnoll hits you but does no damage.
Okay, then.
Okay, then.
Okay, then.
Sorry, you're not good enough to have a special ability.
Okay, then.
Sorry, you're not good enough to have a special ability.
You hit the gnoll.
The gnoll is almost dead.
The gnoll hits you from afar with a +0 halberd!
* * * LOW HITPOINT WARNING * * *
The gnoll hits you with a +0 spear.
You die...

##### ...#
########.#######
#...gg@........#
#.######)##.####
#....# #..###
#..# .. #..# ..
#..# .# #..# .#
#..#


You could see 2 gnolls.

Vanquished Creatures
  A water moccasin (D:3)
  A gnoll bouda (D:4)
  Robin (D:2)
  A gnoll (D:4)
  4 adders
  2 dart slugs
  8 orcs
  5 bats
  3 endoplasms
  3 giant cockroaches
  14 goblins
  10 hobgoblins
  2 jackals (D:1)
  3 quokkas (D:1)
  5 ball pythons
  4 frilled lizards
  5 kobolds
  3 rats
75 creatures vanquished.

Notes
Turn   | Place    | Note
-------+----------+-------------------------------------------
     0 | D:1      | purpskrrrp the Vine Stalker Fighter began the quest for the
                  | Orb.
     0 | D:1      | Reached XP level 1. HP: 11/11 MP: 2/2
    45 | D:1      | Reached XP level 2. HP: 16/16 MP: 3/3
    85 | D:1      | Reached skill level 1 in Stealth
   356 | D:1      | Reached XP level 3. HP: 20/20 MP: 4/4
   477 | D:1      | Reached skill level 3 in Unarmed Combat
   627 | D:2      | Noticed Robin
   639 | D:2      | Killed Robin
   726 | D:2      | Gained mutation: Your natural rate of healing is unusually
                  | fast. [Vine Stalker growth]
   726 | D:2      | Reached XP level 4. HP: 24/24 MP: 5/5
   766 | D:2      | Found Ryfynk's Antique Armour Boutique.
  1421 | D:3      | Noticed a water moccasin
  1430 | D:3      | Killed a water moccasin
  1431 | D:3      | Reached skill level 4 in Unarmed Combat
  1431 | D:3      | Reached XP level 5. HP: 4/28 MP: 6/6
  2098 | D:4      | Reached XP level 6. HP: 29/33 MP: 3/7
  2151 | D:4      | Reached skill level 1 in Axes
  2673 | D:4      | HP: 1/33 [gnoll/+0 halberd[a gnoll bouda] (5)]
  2673 | D:4      | Slain by a gnoll

Illustrated notes

Levels and vault maps discovered:
D:1:      minmay_arrival_doors, layout_basic
D:2:      layout_basic, serial_shops, shop, uniq_robin
D:3:      layout_rooms
D:4:      layout_basic, hangedman_feature_mirror, minmay_goblin_outpost

Skill      XL: |  1  2  3  4  5  6 |
---------------+-------------------+-----
Stealth        | 1 2 3 |  3.5
Fighting       | 3 |  3.8
Unarmed Combat | 3 4 |  4.2
Axes           | 1 |  1.3
Armour         | |  2.4
Shields        | |  2.9

Action                   |  1- 3 |  4- 6 || total
-------------------------+-------+-------++-------
Melee: Unarmed           |   129 |    14 ||   143
       Bite              |    35 |    24 ||    59
       War axe           |       |    87 ||    87
  Use: Scroll            |     1 |     9 ||    10
       Potion            |       |     2 ||     2
 Stab: Sleeping          |       |     2 ||     2
Armor: Scale mail        |    58 |    32 ||    90
       Leather armour    |       |    38 ||    38
Dodge: Dodged            |    65 |    79 ||   144
Block: Buckler           |    22 |    31 ||    53

Table legend: (Time is in decaauts)
 A = Elapsed time spent in this place.
 B = Non-inter-level travel time spent in this place.
 C = Inter-level travel time spent in this place.
 D = Time resting spent in this place.
 E = Time spent auto-exploring this place.
 F = Levels seen in this place.
 G = Mean time per level.
                   A        B        C        D        E       F      G
               +--------+--------+--------+--------+--------+-----+--------+
         Total |   2714 |   2551 |    163 |    130 |   1855 |   4 |  678.5 |
       Dungeon |   2714 |   2551 |    163 |    130 |   1855 |   4 |  678.5 |
               +--------+--------+--------+--------+--------+-----+--------+

Top non-repeatable levels by time:
     D:2: 882 daAuts
     D:4: 627 daAuts
     D:3: 624 daAuts
     D:1: 580 daAuts
